| TOP OF THE 1ST |
|
Denver Bears batting - Pitching for Evansville Triplets : RHP Pat Jones
|
|
Pitching: RHP Pat Jones
|
|
|
Batting: LHB Dallas Williams
|
0-0: SINGLE (Line Drive, 7S, EV 91.9 MPH)
|
|
Batting: RHB Adolfo Feliz
|
0-0: Fielders Choice at 2nd, 3-6 (Groundball, 34S, EV 78.1 MPH)
|
|
Batting: LHB Danny Heep
|
0-0: Ball 1-0: Grounds into double play, 6-4-3 (Groundball, 6S, EV 80.6 MPH)
|
| Top of the 1st over - 0 runs, 1 hit, 0 errors, 0 left on base; Denver 0 - Evansville 0 |
| BOTTOM OF THE 1ST |
|
Evansville Triplets batting - Pitching for Denver Bears : RHP Curt Heidenreich
|
|
Pitching: RHP Curt Heidenreich
|
|
|
Batting: LHB Greg Gross
|
0-0: Foul Ball, location: 2F 0-1: Ball 1-1: Foul Ball, location: 2F 1-2: Ball 2-2: Strikes out swinging
|
|
Batting: RHB Cory Mihalic
|
0-0: Ball 1-0: Ball 2-0: Ball 3-0: Called Strike 3-1: Base on Balls
|
|
Batting: RHB Richard Bass
|
0-0: Called Strike Cory Mihalic steals 2nd base 0-1: Ball 1-1: Foul Ball, location: 2F 1-2: Ground out 5-3 (Groundball, 56, EV 86.9 MPH)
|
|
Batting: RHB Ron Kittle
|
0-0: Ball 1-0: Ball 2-0: Called Strike 2-1: Ground out 6-3 (Groundball, 6, EV 87.5 MPH)
|
| Bottom of the 1st over - 0 runs, 0 hits, 0 errors, 1 left on base; Denver 0 - Evansville 0 |
| TOP OF THE 2ND |
|
Denver Bears batting - Pitching for Evansville Triplets : RHP Pat Jones
|
|
Batting: RHB George A Bell
|
0-0: Ball 1-0: Called Strike 1-1: Foul Ball, location: 2F 1-2: Foul Ball, location: 2F 1-2: Strikes out swinging
|
|
Batting: LHB Tom Beyers
|
0-0: Foul Ball, location: 2F 0-1: Ball 1-1: Ball 2-1: Foul Ball, location: 2F 2-2: Fly out, F9 (Flyball, 9LM, EV 103.1 MPH)
|
|
Batting: LHB Larry Donofrio
|
0-0: Called Strike 0-1: Ground out 3-1 (Groundball, 34S, EV 72.5 MPH)
|
| Top of the 2nd over - 0 runs, 0 hits, 0 errors, 0 left on base; Denver 0 - Evansville 0 |
| BOTTOM OF THE 2ND |
|
Evansville Triplets batting - Pitching for Denver Bears : RHP Curt Heidenreich
|
|
Batting: SHB Mickey Tettleton
|
0-0: Called Strike 0-1: Foul Ball, location: 2F 0-2: Ball 1-2: Ball 2-2: Fly out, F8 (Flyball, 8LM, EV 81.9 MPH)
|
|
Batting: RHB Mike Allen
|
0-0: Ball 1-0: Foul Ball, location: 2F 1-1: Ball 2-1: SINGLE (Flyball, 8RS, EV 88.8 MPH)
|
|
Batting: LHB Luis Alfaro
|
0-0: Called Strike 0-1: SINGLE (Line Drive, 9LS, EV 108.8 MPH) Mike Allen to second
|
|
Batting: RHB Jaden Smith
|
0-0: Called Strike Mike Allen steals 3rd, throwing error, E2 Mike Allen scores Luis Alfaro to third 0-1: Ball 1-1: Ball 2-1: Foul Ball, location: 2F 2-2: Ball 3-2: Foul Ball, location: 2F 3-2: Fly out, F7 (Flyball, 7D, EV 103.8 MPH) Runner from 3rd tags up, SCORES, no throw by LF
|
|
Batting: RHB Ed Jurak
|
0-0: Called Strike 0-1: Ball 1-1: Ball 2-1: Ball 3-1: Ground out 3-1 (Groundball, 34, EV 103.1 MPH)
|
| Bottom of the 2nd over - 2 runs, 2 hits, 1 error, 0 left on base; Denver 0 - Evansville 2 |
| TOP OF THE 3RD |
|
Denver Bears batting - Pitching for Evansville Triplets : RHP Pat Jones
|
|
Batting: RHB Raymond Borucki
|
0-0: Foul Ball, location: 2F 0-1: Ball 1-1: Ball 2-1: Ball 3-1: Ground out 6-3 (Groundball, 56, EV 88.8 MPH)
|
|
Batting: RHB Gomez Barahona
|
0-0: Called Strike 0-1: Foul Ball, location: 2F 0-2: Strikes out swinging
|
|
Batting: RHB Glenn Hoffman
|
0-0: Ground out 5-3 (Groundball, 56S, EV 76.3 MPH)
|
| Top of the 3rd over - 0 runs, 0 hits, 0 errors, 0 left on base; Denver 0 - Evansville 2 |
| BOTTOM OF THE 3RD |
|
Evansville Triplets batting - Pitching for Denver Bears : RHP Curt Heidenreich
|
|
Batting: LHB Greg Gross
|
0-0: Called Strike 0-1: Ground out 6-3 (Groundball, 6, EV 91.3 MPH)
|
|
Batting: RHB Cory Mihalic
|
0-0: Swinging Strike 0-1: Ground out 4-3 (Groundball, 4M, EV 95.0 MPH)
|
|
Batting: RHB Richard Bass
|
0-0: Ball 1-0: Fly out, F8 (Flyball, 8RS, EV 95.0 MPH)
|
| Bottom of the 3rd over - 0 runs, 0 hits, 0 errors, 0 left on base; Denver 0 - Evansville 2 |
| TOP OF THE 4TH |
|
Denver Bears batting - Pitching for Evansville Triplets : RHP Pat Jones
|
|
Batting: LHB Dallas Williams
|
0-0: Ball 1-0: Called Strike 1-1: Fly out, F9 (Flyball, 89S, EV 91.3 MPH)
|
|
Batting: RHB Adolfo Feliz
|
0-0: Ball 1-0: Foul Ball, location: 2F 1-1: Ground out U3 (Groundball, 34S, EV 68.8 MPH)
|
|
Batting: LHB Danny Heep
|
0-0: Fly out, F7 (Flyball, 7, EV 84.4 MPH)
|
| Top of the 4th over - 0 runs, 0 hits, 0 errors, 0 left on base; Denver 0 - Evansville 2 |
| BOTTOM OF THE 4TH |
|
Evansville Triplets batting - Pitching for Denver Bears : RHP Curt Heidenreich
|
|
Batting: RHB Ron Kittle
|
0-0: Ball 1-0: Called Strike 1-1: Ball 2-1: Called Strike 2-2: Ball 3-2: Base on Balls
|
|
Batting: SHB Mickey Tettleton
|
0-0: Ball 1-0: Called Strike 1-1: Foul Ball, location: 2F 1-2: Strikes out looking
|
|
Batting: RHB Mike Allen
|
0-0: Fly out, F7 (Flyball, 78S, EV 87.5 MPH)
|
|
Batting: LHB Luis Alfaro
|
0-0: Called Strike Balk! Ron Kittle to second 0-1: Ball 1-1: Called Strike 1-2: Ball 2-2: Ball 3-2: Strikes out swinging
|
| Bottom of the 4th over - 0 runs, 0 hits, 0 errors, 1 left on base; Denver 0 - Evansville 2 |
| TOP OF THE 5TH |
|
Denver Bears batting - Pitching for Evansville Triplets : RHP Pat Jones
|
|
Batting: RHB George A Bell
|
0-0: Called Strike 0-1: Swinging Strike 0-2: Foul Ball, location: 2F 0-2: SINGLE (Flyball, 8RM, EV 88.1 MPH)
|
|
Batting: LHB Tom Beyers
|
0-0: Foul Ball, location: 2F 0-1: Ball 1-1: Ball 2-1: Ground out 4-3 (Groundball, 13, EV 93.8 MPH) George A Bell to second
|
|
Batting: LHB Larry Donofrio
|
0-0: Ball George A Bell steals 3rd base (no throw) 1-0: Fly out, F5 (Popup, 56, EV 69.4 MPH)
|
|
Batting: RHB Raymond Borucki
|
0-0: Fly out, F8 (Line Drive, 8LD, EV 87.5 MPH)
|
| Top of the 5th over - 0 runs, 1 hit, 0 errors, 1 left on base; Denver 0 - Evansville 2 |
| BOTTOM OF THE 5TH |
|
Evansville Triplets batting - Pitching for Denver Bears : RHP Curt Heidenreich
|
|
Batting: RHB Jaden Smith
|
0-0: Ball 1-0: Ball 2-0: Fly out, F9 (Flyball, 9S, EV 81.3 MPH)
|
|
Batting: RHB Ed Jurak
|
0-0: Called Strike 0-1: Swinging Strike 0-2: Ground out 4-3 (Groundball, 4, EV 83.1 MPH)
|
|
Batting: LHB Greg Gross
|
0-0: Ball 1-0: Called Strike 1-1: Ground out 4-3 (Groundball, 4, EV 91.3 MPH)
|
| Bottom of the 5th over - 0 runs, 0 hits, 0 errors, 0 left on base; Denver 0 - Evansville 2 |
| TOP OF THE 6TH |
|
Denver Bears batting - Pitching for Evansville Triplets : RHP Pat Jones
|
|
Batting: RHB Gomez Barahona
|
0-0: Ball 1-0: Foul Ball, location: 2F 1-1: Foul Ball, location: 2F 1-2: Strikes out swinging
|
|
Batting: RHB Glenn Hoffman
|
0-0: Ball 1-0: Ball 2-0: Ground out 1-3 (Groundball, 13S, EV 63.1 MPH)
|
|
Batting: LHB Dallas Williams
|
0-0: Ball 1-0: Called Strike 1-1: Fly out, F3 (Popup, 3L, EV 58.1 MPH)
|
| Top of the 6th over - 0 runs, 0 hits, 0 errors, 0 left on base; Denver 0 - Evansville 2 |
| BOTTOM OF THE 6TH |
|
Evansville Triplets batting - Pitching for Denver Bears : RHP Curt Heidenreich
|
|
Batting: RHB Cory Mihalic
|
0-0: Called Strike 0-1: Foul Ball, location: 2F 0-2: Ground out 6-3 (Groundball, 6, EV 80.6 MPH)
|
|
Batting: RHB Richard Bass
|
0-0: Ball 1-0: Fly out, F9 (Flyball, 9S, EV 82.5 MPH)
|
|
Batting: RHB Ron Kittle
|
0-0: Foul Ball, location: 2F 0-1: Swinging Strike 0-2: Ball 1-2: Strikes out swinging
|
| Bottom of the 6th over - 0 runs, 0 hits, 0 errors, 0 left on base; Denver 0 - Evansville 2 |
| TOP OF THE 7TH |
|
Denver Bears batting - Pitching for Evansville Triplets : RHP Pat Jones
|
|
Batting: RHB Adolfo Feliz
|
0-0: Foul Ball, location: 2F 0-1: Ball 1-1: Ball 2-1: Ball 3-1: Fly out, F3 (Flyball, 3D, EV 88.1 MPH)
|
|
Batting: LHB Danny Heep
|
0-0: Called Strike 0-1: Ball 1-1: Foul Ball, location: 2F 1-2: Ground out 4-3 (Groundball, 4, EV 81.9 MPH)
|
|
Batting: RHB George A Bell
|
0-0: Called Strike 0-1: Foul Ball, location: 2F 0-2: Ball 1-2: Foul Ball, location: 2F 1-2: Ball 2-2: Strikes out swinging
|
| Top of the 7th over - 0 runs, 0 hits, 0 errors, 0 left on base; Denver 0 - Evansville 2 |
| BOTTOM OF THE 7TH |
|
Evansville Triplets batting - Pitching for Denver Bears : RHP Curt Heidenreich
|
|
Batting: SHB Mickey Tettleton
|
0-0: Ball 1-0: Swinging Strike 1-1: Called Strike 1-2: Foul Ball, location: 2F 1-2: Strikes out swinging
|
|
Batting: RHB Mike Allen
|
0-0: Ball 1-0: Ball 2-0: Ball 3-0: Called Strike 3-1: Foul Ball, location: 2F 3-2: Ground out 6-3 (Groundball, 6, EV 75.6 MPH)
|
|
Batting: LHB Luis Alfaro
|
0-0: Ball 1-0: Ball 2-0: Swinging Strike 2-1: Foul Ball, location: 2F 2-2: Strikes out swinging
|
| Bottom of the 7th over - 0 runs, 0 hits, 0 errors, 0 left on base; Denver 0 - Evansville 2 |
| TOP OF THE 8TH |
|
Denver Bears batting - Pitching for Evansville Triplets : RHP Pat Jones
|
|
Batting: LHB Tom Beyers
|
0-0: Called Strike 0-1: Called Strike 0-2: Ball 1-2: Foul Ball, location: 2F 1-2: Ball 2-2: Ball 3-2: Base on Balls
|
|
Batting: LHB Larry Donofrio
|
0-0: Called Strike 0-1: Fielders Choice at 2nd, 3-6 (Groundball, 3, EV 87.5 MPH)
|
|
Batting: RHB Raymond Borucki
|
0-0: Called Strike 0-1: Ball 1-1: Ball 2-1: Ball Wild Pitch! Larry Donofrio to second 3-1: Ground out 1-3 (Groundball, 23, EV 63.8 MPH) Larry Donofrio to third
|
|
Batting: RHB Gomez Barahona
|
0-0: Ball 1-0: Ball 2-0: Ball 3-0: Called Strike 3-1: Base on Balls
|
|
Pinch Hitting: RHB Victor Woods
|
0-0: Ball 1-0: Called Strike 1-1: Called Strike 1-2: Strikes out swinging
|
| Top of the 8th over - 0 runs, 0 hits, 0 errors, 2 left on base; Denver 0 - Evansville 2 |
| BOTTOM OF THE 8TH |
|
Evansville Triplets batting - Pitching for Denver Bears : RHP Curt Heidenreich
|
|
Now at 1B: Victor Woods
|
|
|
Batting: RHB Jaden Smith
|
0-0: Ground out 6-3 (Groundball, 6, EV 87.5 MPH)
|
|
Batting: RHB Ed Jurak
|
0-0: Called Strike 0-1: Foul Ball, location: 2F 0-2: Strikes out swinging
|
|
Batting: LHB Greg Gross
|
0-0: Foul Ball, location: 2F 0-1: Ball 1-1: Foul Ball, location: 2F 1-2: Ball 2-2: Foul Ball, location: 2F 2-2: Fly out, F7 (Line Drive, 7D, EV 109.4 MPH)
|
| Bottom of the 8th over - 0 runs, 0 hits, 0 errors, 0 left on base; Denver 0 - Evansville 2 |
| TOP OF THE 9TH |
|
Denver Bears batting - Pitching for Evansville Triplets : RHP Pat Jones
|
|
Batting: LHB Dallas Williams
|
0-0: SINGLE (Groundball, 34D, EV 107.5 MPH)
|
|
Batting: RHB Adolfo Feliz
|
0-0: Ground out 5-3 (Groundball, 56S, EV 73.1 MPH) Dallas Williams to second
|
|
Batting: LHB Danny Heep
|
0-0: Ball 1-0: Ball 2-0: Called Strike 2-1: Ball 3-1: Ground out 6-3 (Groundball, 6, EV 78.1 MPH) Dallas Williams to third
|
|
Batting: RHB George A Bell
|
0-0: Fly out, F7 (Flyball, 7S, EV 89.4 MPH)
|
| Top of the 9th over - 0 runs, 1 hit, 0 errors, 1 left on base; Denver 0 - Evansville 2 |
|